 Dungeon Crawl Stone Soup version 0.20-a0-892-gbf43aa3 (webtiles) character file.

2688 BrendanD the Slasher (level 9, -3/71 HPs)
             Began as a Demonspawn Berserker on Mar 17, 2017.
             Was an Elder of Trog.
             Killed from afar by Josephine (15 damage)
             ... with a ghostly fireball
             ... on level 10 of the Dungeon.
             The game lasted 00:23:09 (5989 turns).

BrendanD the Slasher (Demonspawn Berserker)         Turns: 5989, Time: 00:23:09

Health: -3/71      AC: 15    Str: 18    XL:     9   Next: 38%
Magic:  9/9        EV:  8    Int:  9    God:    Trog [****..]
Gold:   220        SH:  3    Dex: 15    Spells: 8/8 levels left

rFire    . . .     SeeInvis .   a - +0 falchion
rCold    . . .     Gourm    .   t - +0 chain mail
rNeg     . . .     Faith    .   f - +0 buckler
rPois    +         Spirit   .   (no helmet)
rElec    .         Reflect  .   D - +0 cloak
rCorr    .         Harm     .   (gloves unavailable)
MR       ++...                  P - +1 pair of boots {Stlth+}
Stlth    ..........             (no amulet)
Regen    1.3/turn               F - ring of poison resistance
MPRegen  0.2/turn               b - ring of poison resistance

@: exhausted, regenerating, slowed, heavily drained, very slow
A: claws 3, yellow scales 2, powered by death 1, spiny 1
a: Berserk, Trog's Hand, Brothers in Arms, Burn Spellbooks, Renounce Religion


You were on level 10 of the Dungeon.
You worshipped Trog.
Trog was greatly pleased with you.
You were very hungry.

You visited 1 branch of the dungeon, and saw 8 of its levels.

You collected 418 gold pieces.
You spent 198 gold pieces at shops.

Inventory:

Hand Weapons
 a - a +0 falchion (weapon)
 C - a +2 quarterstaff of chaos
Missiles
 Q - 8 curare-tipped needles
Armour
 f - a +0 buckler (worn)
 t - a +0 chain mail (worn)
 D - a +0 cloak (worn)
 P - a +1 pair of boots of stealth (worn)
Magical Staves
 y - an uncursed staff of power {!a}
Jewellery
 b - a ring of poison resistance (left claw)
 F - a ring of poison resistance (right claw)
 N - an uncursed ring of poison resistance
Wands
 G - a wand of iceblast (0/15)
 H - a wand of enslavement (9/24)
Scrolls
 g - 2 scrolls of remove curse {unknown}
 j - 4 scrolls of enchant armour {unknown}
 o - 3 scrolls of blinking {unknown}
 p - 2 scrolls of immolation {unknown}
 q - 2 scrolls of enchant weapon {unknown}
 r - 2 scrolls of fear {unknown}
 u - 8 scrolls of identify {unknown}
 x - 2 scrolls of magic mapping {unknown}
 B - a scroll of fog {unknown}
 J - a scroll of amnesia {unknown}
 O - a scroll of teleportation {unknown}
Potions
 d - 2 potions of brilliance {unknown}
 e - 3 potions of curing {@q1}
 i - a potion of resistance {unknown}
 k - a potion of degeneration {unknown}
 l - 3 potions of agility {unknown}
 n - 4 potions of flight {unknown}
 v - a potion of mutation {unknown}
 z - 3 potions of heal wounds {unknown}
 A - 3 potions of cancellation {unknown}
 E - a potion of lignification {unknown}
 I - a potion of might {unknown}
 K - a potion of berserk rage {unknown}
 M - a potion of invisibility {unknown}
Books
 s - a book of Cantrips

   Spells                             Type                      Level
   a - Confusing Touch                Hexes                        1
   b - Animate Skeleton               Necromancy                   1
   c - Summon Small Mammal            Summoning                    1
   d - Apportation                    Translocation                1
   Trog disapproves of the use of such an item.
Comestibles
 c - 3 bread rations
 h - 2 fruits
 m - 6 meat rations
 w - 4 royal jellies
 L - 5 chunks of flesh


   Skills:
 + Level 6.5(4.8) Fighting
 * Level 7.9(6.2) Long Blades
 + Level 5.6(4.0) Armour
 + Level 5.5(3.9) Dodging


You had 8 spell levels left.
You didn't know any spells.

Dungeon Overview and Level Annotations

Branches:
Dungeon (7/15)             Temple (0/1) D:5

Altars:
Cheibriados
Okawaru
Qazlal
Ru
Sif Muna
Wu Jian
Xom
Zin

Shops:
D:7 [

Annotations:
D:10 Josephine; PrincessPwny's ghost, journeyman TrFi


Innate Abilities, Weirdness & Mutations

You have claws for hands.
You are mostly covered in yellow scales. (AC +3)
You regenerate a little health from kills.
You are partially covered in sharp spines.


Message History

* * * LOW HITPOINT WARNING * * *
The ghostly fireball engulfs Josephine.
Josephine completely resists.
You hear a shout!
Your skin crawls.
You feel resistant to hostile enchantments.
You are feeling hungry.
Josephine is infused with unholy energy.
* * * LOW HITPOINT WARNING * * *
Josephine draws life force from you and is healed!
Your skin crawls.
You feel resistant to hostile enchantments.
You are feeling very hungry.
Josephine hits you but does no damage. Josephine is struck by your spines.
Josephine hits you with a dagger of holy wrath.
* * * LOW HITPOINT WARNING * * *
You convulse.
* * * LOW HITPOINT WARNING * * *
Josephine points at you and mumbles some strange words.
The ghostly flame explodes!
The ghostly fireball engulfs you!
You feel drained.
You die...

.#..#.# ..#
###.#.# #Z#
.#..#.# #c#
...##.# #W#
.)###.# #W#
..###.##### #W#
..........# #@#
#########.# #.#
#.######@####..
#...............
##############.#


You could see Josephine, 3 wraiths, a centaur and a wyvern skeleton.

Vanquished Creatures
  A centaur zombie (D:10)
  A hippogriff (D:5)
  Sigmund (D:3)
  A wraith (D:10)
  A water moccasin (D:10)
  2 phantoms
  2 sky beasts (D:5)
  An eye of draining (D:10)
  2 centaurs (D:6)
  3 ogres
  A bullfrog (D:7)
  A water moccasin skeleton (D:6)
  3 howler monkeys (D:10)
  3 crimson imps
  2 bullfrog zombies
  A hound (D:4)
  3 jellies
  Crazy Yiuf (D:3)
  An orc wizard (D:3)
  An iguana (D:5)
  Terence (D:3)
  7 worker ants
  4 adders
  A shadow imp (D:6)
  An ooze (D:1)
  An adder skeleton (D:4)
  A worm (D:3)
  4 dart slugs
  A leopard gecko (D:10)
  8 orcs
  7 bats
  4 giant cockroaches
  4 hobgoblins
  2 jackals (D:4)
  7 kobolds
  3 quokkas
  2 ball pythons
  5 frilled lizards
  6 goblins
  A quokka zombie (D:5)
  8 rats
110 creatures vanquished.

Notes
Turn   | Place    | Note
-------+----------+-------------------------------------------
     0 | D:1      | BrendanD the Demonspawn Berserker began the quest for the Orb.
     0 | D:1      | Reached XP level 1. HP: 18/18 MP: 1/1
   123 | D:1      | Gained mutation: You have sharp fingernails. [demonic ancestry]
   123 | D:1      | Reached XP level 2. HP: 20/24 MP: 2/2
   252 | D:1      | Reached skill level 3 in Long Blades
   683 | D:2      | Gained mutation: You regenerate a little health from kills. [demonic ancestry]
   683 | D:2      | Reached XP level 3. HP: 29/29 MP: 3/3
   873 | D:2      | Reached ** piety under Trog
  1532 | D:3      | Noticed Terence
  1541 | D:3      | Killed Terence
  1541 | D:3      | Reached XP level 4. HP: 20/36 MP: 4/4
  1976 | D:3      | Noticed Sigmund
  2001 | D:3      | Killed Sigmund
  2001 | D:3      | Reached skill level 4 in Long Blades
  2001 | D:3      | Gained mutation: You are partially covered in yellow scales. (AC +2) [demonic ancestry]
  2001 | D:3      | Reached XP level 5. HP: 42/42 MP: 5/5
  2001 | D:3      | Gained mutation: You have very sharp fingernails. [demonic ancestry]
  2001 | D:3      | Reached XP level 6. HP: 48/48 MP: 6/6
  2273 | D:3      | Found a runed door.
  2277 | D:3      | Noticed Crazy Yiuf
  2291 | D:3      | Killed Crazy Yiuf
  2594 | D:4      | Found a glowing silver altar of Zin.
  2594 | D:4      | Found a sacrificial altar of Ru.
  2594 | D:4      | Found a stormy altar of Qazlal.
  2595 | D:4      | Found a deep blue altar of Sif Muna.
  2595 | D:4      | Found a snail-covered altar of Cheibriados.
  2596 | D:4      | Found an ornate altar of the Wu Jian Council.
  2623 | D:4      | Found an iron altar of Okawaru.
  2633 | D:4      | Found a shimmering altar of Xom.
  2715 | D:4      | Reached *** piety under Trog
  3145 | D:5      | Entered Level 5 of the Dungeon
  3169 | D:5      | Gained mutation: You have claws for hands. [demonic ancestry]
  3169 | D:5      | Reached XP level 7. HP: 35/55 MP: 7/7
  3365 | D:5      | Reached skill level 5 in Long Blades
  3996 | D:5      | Found a staircase to the Ecumenical Temple.
  4523 | D:5      | Noticed a hippogriff
  4545 | D:5      | Killed a hippogriff
  4545 | D:5      | Reached skill level 5 in Fighting
  4545 | D:5      | Gained mutation: You are partially covered in sharp spines. [demonic ancestry]
  4545 | D:5      | Reached XP level 8. HP: 41/62 MP: 8/8
  4896 | D:5      | Reached skill level 6 in Long Blades
  5508 | D:6      | Reached skill level 5 in Armour
  5706 | D:7      | Reached skill level 7 in Long Blades
  5710 | D:7      | Found Keker's Armour Shop.
  5715 | D:7      | Bought a +1 pair of boots of stealth for 198 gold pieces
  5765 | D:7      | You fall through a shaft for 3 floors!
  5765 | D:10     | Entered Level 10 of the Dungeon
  5798 | D:10     | Reached skill level 5 in Dodging
  5798 | D:10     | Gained mutation: You are mostly covered in yellow scales. (AC +3) [demonic ancestry]
  5798 | D:10     | Reached XP level 9. HP: 56/69 MP: 4/9
  5846 | D:10     | Noticed PrincessPwny's ghost (journeyman TrFi)
  5864 | D:10     | Reached **** piety under Trog
  5965 | D:10     | Noticed Josephine
  5989 | D:10     | Killed from afar by Josephine

Vault maps used:
D:1:      minmay_arrival_solitary_statue, supply_closet_lemuel
D:3:      uniq_crazy_yiuf_cottage, uniq_terence, uniq_sigmund
D:4:      xom_teletrap_fun, grunt_temple_overflow_open, first_bread
D:5:      minmay_temple_entry_statues, minivault_25, nrook_loot_triangle
D:7:      serial_shops, shop_fountains, grunt_ogre_cave
D:10:     uniq_josephine, uniq_urug

Skill      XL: |  1  2  3  4  5  6  7  8 |
---------------+-------------------------+-----
Long Blades    | 3 4 5 7 |  7.9
Armour         | 2 3 4 5 |  5.6
Dodging        | 2 3 4 5 |  5.5
Fighting       | 4 5 6 |  6.5

Action                   |  1- 3 |  4- 6 |  7- 9 || total
-------------------------+-------+-------+-------++-------
Melee: Falchion          |   124 |   154 |   232 ||   510
Invok: Berserk           |       |     4 |     8 ||    12
       Trog's Hand       |       |       |     2 ||     2
Evoke: Wand              |       |       |     1 ||     1
  Use: Potion            |       |     1 |       ||     1
 Stab: Sleeping          |     1 |       |       ||     1
  Eat: Chunk             |     2 |     5 |     3 ||    10
       Bread ration      |       |     1 |     3 ||     4
Armor: Ring mail         |    32 |       |       ||    32
       Animal skin       |     1 |       |       ||     1
       Chain mail        |    45 |   108 |   128 ||   281
Dodge: Dodged            |    74 |    46 |    92 ||   212
Block: Buckler           |     9 |    26 |    41 ||    76
       Rpst.: Falchion   |    14 |    16 |    24 ||    54
